 Dungeon Crawl Stone Soup version 0.32-a0-871-ge202e49faa (webtiles) character file.

Game seed: 5292836814578001816

11677 Turgor the Skirmisher (level 11, -8/78 HPs)
             Began as a Coglin Hunter on Mar 29, 2024.
             Was a High Priest of Ru.
             Mangled by a two-headed ogre
             ... wielding a +0 giant club
              (18 damage)
             ... on level 11 of the Dungeon.
             The game lasted 00:41:13 (11288 turns).

Turgor the Skirmisher (Coglin Hunter)              Turns: 11288, Time: 00:41:14

Health: -8/78      AC:  9    Str: 12    XL:     11   Next: 81%
Magic:  11/11      EV: 11    Int:  8    God:    Ru [*****.]
Gold:   666        SH:  0    Dex: 22    Spells: 4/10 levels left

rFire   . . .        a - +3 sling {Tiberia}
rCold   . . .        d - +0 sling {Nomusa}
rNeg    . . .        z - +0 steam dragon scales
rPois   .            G - +1 helmet
rElec   .            C - scarf {repulsion}
rCorr   .            H - +0 pair of gloves
SInv    .            A - +0 pair of boots
Will    .....        (amulet unavailable)
Stlth   ++           (ring unavailable)
HPRegen 0.33/turn    (ring unavailable)
MPRegen 0.12/turn    (no gizmo)

%: repel missiles
@: revved
A: frail 1, hated by all, unskilled 2, off-hand wielding, slow wielding, warmup
strikes, no jewellery
a: Invent Gizmo, Renounce Religion, Draw Out Power, Power Leap, Apocalypse


You were on level 11 of the Dungeon.
You worshipped Ru.
Ru was extremely pleased with you.
You visited 1 branch of the dungeon, and saw 11 of its levels.

You collected 666 gold pieces.

Inventory:

Hand Weapons
 a - a +3 sling (weapon) {Tiberia}
 d - a +0 sling (offhand) {Nomusa}
 f - a +1 dagger of draining
 i - a +0 dagger of chaos
 q - a +1 dagger of venom
 t - a +2 antimagic dagger
 u - a +2 falchion of holy wrath
 N - a +1 dagger of holy wrath
Missiles
 w - 15 poisoned darts
 P - 2 throwing nets
Armour
 z - +0 steam dragon scales (worn)
 A - a +0 pair of boots (worn)
 C - a scarf of repulsion (worn)
 G - a +1 helmet (worn)
 H - a +0 pair of gloves (worn)
 J - a +2 robe of willpower
Wands
 c - a wand of polymorph (4)
 o - a wand of flame (74)
 s - a wand of mindburst (22)
 v - a wand of roots (1)
 M - a wand of digging (6)
Scrolls
 b - a scroll of butterflies
 g - a scroll of fear {unknown}
 h - 4 scrolls of enchant armour
 m - 2 scrolls of enchant weapon
 n - a scroll of fog
 y - a scroll of immolation
 D - a scroll of summoning {unknown}
 E - a scroll of silence
 I - 2 scrolls of teleportation
 L - 2 scrolls of poison
Potions
 e - 2 potions of enlightenment
 j - 2 potions of resistance
 k - a potion of curing
 l - 3 potions of might
 p - a potion of invisibility
 r - 3 potions of attraction
 x - 2 potions of brilliance {unknown}
 B - 2 potions of haste {unknown}
 F - 2 potions of ambrosia {unknown}
 K - a potion of lignification {unknown}
 O - a potion of berserk rage {unknown}


   Skills:
 + Level 8.5 Fighting
 * Level 12.4 Ranged Weapons
 - Level 1.3 Dodging
 - Level 0.5 Stealth


You had 4 spell levels left.
You knew the following spells:

 Your Spells              Type           Power      Damage    Failure   Level
a - Dimensional Bullseye  Hex/Tloc       0%         N/A       99%         4
b - Blink                 Tloc           0%         N/A       54%         2

Your spell library contained the following spells:

 Spells                   Type           Power      Damage    Failure   Level
 Sandblast                Erth           0%         2d4       41%         1
 Lesser Beckoning         Tloc           0%         N/A       54%         2
 Momentum Strike          Conj/Tloc      0%         3d8       54%         2
 Hailstorm                Conj/Ice       0%         3d5       78%         3
 Inner Flame              Hex/Fire       0%         N/A       78%         3
 Stone Arrow              Conj/Erth      0%         3d7       78%         3
 Brom's Barrelling Bould  Conj/Erth      0%         2d3       99%         4
 Cause Fear               Hex            0%         N/A       99%         4
 Flame Wave               Conj/Fire      0%         2d4       99%         4
 Iskenderun's Mystic Bla Conj/Tloc 0%             2d3        (+2d1     99%         4
 Sticky Flame             Fire/Alch      0%         2d4       99%         4
 Fireball                 Conj/Fire      0%         3d3       100%        5
 Permafrost Eruption      Ice/Erth       0%         2x4d2     100%        6
 Summon Ice Beast         Ice/Summ       Unusable   N/A       N/A         3
 Tukima's Dance           Hex            Unusable   N/A       N/A         3
 Sculpt Simulacrum        Ice/Alch       Unusable   N/A       N/A         6
 Dragon's Call            Summ           Unusable   N/A       N/A         9

Dungeon Overview and Level Annotations

Branches:
Dungeon (11/15)            Temple (0/1) D:6            Lair (0/5) D:8
    Orc: D:9-12

Altars:
Cheibriados
Elyvilon
Okawaru
Ru
Trog
Wu Jian

Annotations:
D:7 1 runed translucent door, Crazy Yiuf
D:11 Erica


Innate Abilities, Weirdness & Mutations

You are frail. (-10% HP)
You are hated by all.
You are unskilled. (-2 Apt)
You can wield a second weapon in your off-hand.
It takes a long time for you to wield or remove held weapons.
Your first few attacks do less damage.
You cannot equip rings or amulets.


Message History

The sling bullet hits the two-headed ogre but does no damage.
The two-headed ogre is moderately wounded.
You shoot a sling bullet.
The sling bullet hits the two-headed ogre.
The two-headed ogre is moderately wounded.
Fire: a) +3 sling {Tiberia}
Press: ? - help, Q - select action, (/) - cycle Shift-Dir - straight line, f/p - two-headed ogre
Aim: a two-headed ogre, wielding two +0 giant clubs (moderately wounded, 82% to hit)
You shoot a sling bullet.
The sling bullet hits the two-headed ogre!
The two-headed ogre is moderately wounded.
You shoot a sling bullet.
The sling bullet barely misses the two-headed ogre.
The two-headed ogre hits you with a +0 giant club!!
You focus your inner power and slow the two-headed ogre in retribution!
The two-headed ogre hits you with a +0 giant club!!
Unknown command.
Fire: a) +3 sling {Tiberia}
Press: ? - help, Q - select action, (/) - cycle Shift-Dir - straight line, f/p - two-headed ogre
Aim: a two-headed ogre, wielding two +0 giant clubs (moderately wounded, slow, 82% to hit)
You shoot a sling bullet.
The sling bullet hits the two-headed ogre.
The two-headed ogre is heavily wounded.
You shoot a sling bullet.
The sling bullet hits the two-headed ogre.
The two-headed ogre is heavily wounded.
Fire: a) +3 sling {Tiberia}
Press: ? - help, Q - select action, (/) - cycle Shift-Dir - straight line, f/p - two-headed ogre
Aim: a two-headed ogre, wielding two +0 giant clubs (heavily wounded, slow, 82% to hit)
You shoot a sling bullet.
The sling bullet hits the two-headed ogre.
The two-headed ogre is heavily wounded.
You shoot a sling bullet.
The sling bullet hits the two-headed ogre.
The two-headed ogre is severely wounded.
The two-headed ogre hits you with a +0 giant club!!
* * * LOW HITPOINT WARNING * * *
The two-headed ogre hits you with a +0 giant club!!
You die...
Ru respects your ultimate sacrifice.

#......# #.####.#
#.####.# ##
#.##...# ..
#)##.#.# .#
#......# .#
####.#.### .#
#.....#######O#
###.........@.#
####.######### #
##....#########
#####......##.....#
...........##.....#
....#.............#
.....#...####.....#
#####.#.## #>....#
# ###.# #######


You could see a two-headed ogre (slow).

Vanquished Creatures
  Gastronok (D:9)
  A centaur warrior (D:10)
  2 two-headed ogres
  Pikel (D:6)
  A komodo dragon (D:10)
  Jeremiah (D:8)
  An efreet (D:10)
  Psyche (D:9)
  2 trolls (D:10)
  12 yaks
  A vampire (D:10)
  2 wyverns
  2 humans (D:8)
  2 steam dragons
  3 vampire mosquitoes (D:11)
  An acid dragon (D:9)
  Duvessa (D:7)
  A water moccasin (D:7)
  10 orc warriors
  A sky beast (D:8)
  A black bear (D:5)
  An ogre (D:5)
  3 centaurs
  A phantom (D:4)
  Blork the orc (D:6)
  A scorpion (D:4)
  A bullfrog (D:9)
  5 wights
  Dowan (D:7)
  9 killer bees
  10 howler monkeys
  3 bombardier beetles
  A hound (D:7)
  8 orc priests
  A jelly (D:5)
  A sleepcap (D:7)
  4 iguanas
  Ijyb (D:3)
  11 orc wizards
  Robin (D:2)
  7 gnolls
  7 adders
  2 shadow imps
  2 white imps
  2 dart slugs
  44 orcs
  8 endoplasms
  2 giant cockroaches (D:1)
  7 hobgoblins
  4 jackals
  7 kobolds
  3 quokkas
  11 ball pythons
  4 bats
  A frilled lizard (D:2)
  18 goblins
  9 rats
250 creatures vanquished.

Vanquished Creatures (others)
  An orc priest (D:4)
1 creature vanquished.

Grand Total: 251 creatures vanquished

Notes
Turn   | Place    | Note
-------+----------+-------------------------------------------
     0 | D:1      | Turgor the Coglin Hunter began the quest for the Orb.
     0 | D:1      | Reached XP level 1. HP: 16/16 MP: 1/1
    41 | D:1      | Reached skill level 4 in Ranged Weapons
    41 | D:1      | Reached XP level 2. HP: 12/21 MP: 2/2
   351 | D:1      | Reached XP level 3. HP: 27/27 MP: 3/3
   719 | D:2      | Found a sacrificial altar of Ru.
   727 | D:2      | Became a worshipper of Ru the Awakened
   894 | D:2      | Reached skill level 5 in Ranged Weapons
   894 | D:2      | Reached XP level 4. HP: 33/33 MP: 4/4
  1047 | D:2      | Noticed Robin
  1055 | D:2      | Killed Robin
  1562 | D:3      | Reached XP level 5. HP: 27/38 MP: 5/5
  1627 | D:3      | Noticed Ijyb
  1664 | D:3      | Reached skill level 6 in Ranged Weapons
  1779 | D:3      | Gained mutation: You are frail. (-10% HP) [Ru sacrifice]
  1779 | D:3      | Reached * piety under Ru
  2087 | D:3      | Killed Ijyb
  2326 | D:4      | Noticed a phantom
  2335 | D:4      | Killed a phantom
  2336 | D:4      | Reached XP level 6. HP: 39/39 MP: 6/6
  2351 | D:4      | Found a blossoming altar of Fedhas.
  2582 | D:4      | Reached skill level 7 in Ranged Weapons
  2747 | D:4      | Found an ornate altar of the Wu Jian Council.
  2870 | D:4      | Reached XP level 7. HP: 19/45 MP: 7/7
  3433 | D:5      | Entered Level 5 of the Dungeon
  3438 | D:5      | Reached skill level 8 in Ranged Weapons
  3997 | D:5      | Learned a level 4 spell: Dimensional Bullseye
  4056 | D:5      | Found a bloodstained altar of Trog.
  4328 | D:5      | Gained mutation: You are somewhat unskilled. (-1 Apt) [Ru
                  | sacrifice]
  4328 | D:5      | Reduced skill Ranged Weapons to level 7
  4328 | D:5      | Reached ** piety under Ru
  4328 | D:5      | Reached *** piety under Ru
  4796 | D:6      | Reached XP level 8. HP: 29/51 MP: 8/8
  4949 | D:6      | Found a staircase to the Ecumenical Temple.
  4983 | D:6      | Reached skill level 8 in Ranged Weapons
  5212 | D:6      | Noticed Blork the orc
  5216 | D:6      | Killed Blork the orc
  5329 | D:6      | Learned a level 2 spell: Blink
  5521 | D:6      | Noticed Pikel
  5529 | D:6      | Killed Pikel
  5530 | D:6      | Reached skill level 9 in Ranged Weapons
  5530 | D:6      | Reached XP level 9. HP: 58/59 MP: 9/9
  6076 | D:7      | Reached skill level 5 in Fighting
  6083 | D:7      | Noticed Dowan
  6084 | D:7      | Noticed Duvessa
  6090 | D:7      | Killed Duvessa
  6093 | D:7      | Killed Dowan
  6265 | D:7      | Gained mutation: You are hated by all. [Ru sacrifice]
  6265 | D:7      | Reached **** piety under Ru
  6387 | D:7      | Reached skill level 10 in Ranged Weapons
  6631 | D:7      | Found a runed translucent door.
  6632 | D:7      | Noticed Crazy Yiuf
  6831 | D:8      | Reached XP level 10. HP: 25/68 MP: 10/10
  7073 | D:8      | Found an iron altar of Okawaru.
  7169 | D:8      | Reached skill level 11 in Ranged Weapons
  7431 | D:8      | Found a staircase to the Lair.
  7466 | D:8      | Found a snail-covered altar of Cheibriados.
  7658 | D:8      | Noticed Jeremiah
  7678 | D:8      | Killed Jeremiah
  7749 | D:8      | Found a white marble altar of Elyvilon.
  8102 | D:9      | Noticed Gastronok
  8104 | D:9      | Noticed Psyche
  8113 | D:9      | Killed Psyche
  8130 | D:9      | Killed Gastronok
  8131 | D:9      | Reached skill level 12 in Ranged Weapons
  8343 | D:9      | Reached XP level 11. HP: 67/77 MP: 11/11
  8933 | D:10     | Entered Level 10 of the Dungeon
  9096 | D:10     | Gained mutation: You are unskilled. (-2 Apt) [Ru sacrifice]
  9096 | D:10     | Reduced skill Ranged Weapons to level 11
  9096 | D:10     | Reached ***** piety under Ru
  9867 | D:10     | Noticed a skeletal warrior
 10133 | D:10     | Noticed a centaur warrior
 10146 | D:10     | Killed a centaur warrior
 10147 | D:10     | Reached skill level 12 in Ranged Weapons
 10225 | D:10     | Noticed an entropy weaver
 10236 | D:10     | HP: 2/77 [entropy weaver (shapeshifter) (5)]
 10238 | D:10     | an entropy weaver changed into a hog
 10241 | D:10     | HP: 1/77 [hog (shapeshifter) (11)]
 10712 | D:10     | Noticed a two-headed ogre
 10720 | D:10     | Killed a two-headed ogre
 10990 | D:11     | Noticed a two-headed ogre
 11007 | D:11     | Killed a two-headed ogre
 11114 | D:11     | Noticed a cyclops
 11116 | D:11     | Noticed Erica
 11283 | D:11     | Noticed a two-headed ogre
 11288 | D:11     | Mangled by a two-headed ogre

Illustrated notes

Levels and vault maps discovered:
D:1:      psy_arrival_dodecagon, layout_loops_ring, st_stairs_12,
          minmay_pentomino_o2
D:2:      layout_loops_cross, serial_rivers, chequers_serial_rivers_marsh,
          chequers_serial_rivers_room_a, chequers_serial_rivers_micro_e,
          chequers_serial_rivers_room_b, chequers_serial_rivers_micro_e,
          chequers_serial_rivers_micro_b, basic_altar, grunt_ministairs_6,
          uniq_robin
D:3:      layout_basic, uniq_ijyb
D:4:      layout_cave_pods, nicolae_wu_jian_wuxing_cycle, fedhas_altar_3
D:5:      layout_basic, lightli_temple_of_fire
D:6:      layout_basic, minmay_temple_entry_hall, uniq_blork_the_orc, uniq_pikel
D:7:      layout_gridville, uniq_crazy_yiuf_cottage, uniq_duvessa
D:8:      layout_loops_ring, okawaru_humans, general_overflow_altar,
          mainiacjoe_overflow_tiny_flanked, lair_entry_dummy,
          minmay_misc_feat_doors, uniq_jeremiah
D:9:      layout_loops_corners, uniq_psyche, uniq_gastronok
D:10:     minmay_slanted_spiral_squares, layout_basic
D:11:     layout_loops_cross, david_orc_4, serial_shops,
          nicolae_shop_tiny_statue_garden, gammafunk_ghost_necromancy,
          bloody_makhleb, uniq_erica

Skill      XL: |  1  2  3  4  5  6  7  8  9 10 11 |
---------------+----------------------------------+-----
Ranged Weapons | 4 5 6 7 7 9 10 12 12 | 12.4
Fighting       | 4 6 8 8 |  8.5
Dodging        | |  1.3
Stealth        | |  0.5

Action                     |  1- 3 |  4- 6 |  7- 9 | 10-12 || total
---------------------------+-------+-------+-------+-------++-------
   Fire: Sling             |   130 |   280 |   446 |   812 ||  1668
 Invoke: Sacrifice Health  |       |     1 |       |       ||     1
         Sacrifice Skill   |       |       |     1 |     1 ||     2
         Sacrifice Love    |       |       |     1 |       ||     1
  Evoke: Wand              |       |     1 |    12 |    13 ||    26
    Use: Scroll            |     5 |     6 |     4 |     4 ||    19
         Potion            |       |     2 |       |     3 ||     5
 Armour: Leather armour    |     9 |    25 |     9 |       ||    43
         Steam dragon scal |       |       |    28 |   131 ||   159
         Skin              |       |       |       |     2 ||     2
  Dodge: Dodged            |     6 |    35 |    40 |   104 ||   185
         Repelled          |       |       |     3 |     4 ||     7

Table legend: (Time is in decaauts)
 A = Elapsed time spent in this place.
 B = Non-inter-level travel time spent in this place.
 C = Inter-level travel time spent in this place.
 D = Time resting spent in this place.
 E = Time spent auto-exploring this place.
 F = Levels seen in this place.
 G = Mean time per level.
                   A        B        C        D        E       F      G
               +--------+--------+--------+--------+--------+-----+--------+
         Total |  11249 |  10689 |    560 |    941 |   7992 |  11 | 1022.6 |
       Dungeon |  11249 |  10689 |    560 |    941 |   7992 |  11 | 1022.6 |
               +--------+--------+--------+--------+--------+-----+--------+

Top non-repeatable levels by time:
    D:10: 1723 daAuts
     D:6: 1342 daAuts
     D:4: 1206 daAuts
     D:8: 1116 daAuts
     D:9: 1109 daAuts
     D:5: 1056 daAuts
     D:2: 912 daAuts
     D:7: 876 daAuts
     D:3: 798 daAuts
     D:1: 648 daAuts
    D:11: 460 daAuts
